 Dungeon Crawl Stone Soup version 0.24-a0-580-g6a6c3f83c1 (webtiles) character file.

Game seed: 15461908746691104391

5 Esekla the Skirmisher (level 1, -13/11 HPs)
             Began as a Vine Stalker Abyssal Knight on Aug 21, 2019.
             Was a Follower of Lugonu.
             Mangled by a large abomination (19 damage)
             ... on level 1 of the Abyss.
             The game lasted 00:02:13 (164 turns).

Esekla the Skirmisher (Vine Stalker Abyssal Knight)  Turns: 164, Time: 00:02:14

Health: -13/11     AC:  3    Str: 14    XL:     1   Next: 80%
Magic:  0/3        EV: 11    Int: 12    God:    Lugonu [*.....]
Gold:   41         SH:  0    Dex: 13    Spells: 0/0 levels left

rFire    . . .     SeeInvis .   a - +1 falchion
rCold    . . .     Gourm    .   (no shield)
rNeg     . . .     Faith    .   b - +0 leather armour
rPois    .         Spirit   +   (no helmet)
rElec    .         Reflect  .   (no cloak)
rCorr    .         Harm     .   (no gloves)
MR       .....                  (no boots)
Stlth    +.........             (no amulet)
HPRegen  0.03/turn              (no ring)
MPRegen  0.08/turn              (no ring)

@: no status effects
A: fangs 2, magic shield, antimagic bite, no potion heal 3, rot immunity
a: Depart the Abyss, Renounce Religion


You were on level 1 of the Abyss.
You worshipped Lugonu.
Lugonu was aware of your devotion.
You were not hungry.

You visited 0 branches of the dungeon, and saw 0 of its levels.
You visited the Abyss 1 time.

You collected 41 gold pieces.

Inventory:

Hand Weapons
 a - a +1 falchion (weapon)
 e - a cursed -2 dagger
Armour
 b - a +0 leather armour (worn)
Scrolls
 d - a scroll of remove curse {unknown}
Comestibles
 c - a ration


   Skills:
 * Level 2.9 Fighting
 * Level 1.9 Long Blades
 + Level 1.6 Armour
 + Level 0.7 Dodging
 + Level 1.8 Invocations


You couldn't memorise any spells.
You didn't know any spells.
Your spell library was empty.

Dungeon Overview and Level Annotations

Branches:
Dungeon (0/15)

Altars:


Innate Abilities, Weirdness & Mutations

You have extremely sharp teeth.
When hurt, damage is shared between your health and your magic reserves.
Your bite disrupts and absorbs the magic of your enemies.
Potions cannot restore your health.
You are immune to rotting.


Message History

The ufetubus closely misses you. The ufetubus misses you.
The ufetubus hits you but does no damage.
The ufetubus hits you.
The ufetubus hits you but does no damage. x2
You see here 13 gold pieces.
You barely miss the ufetubus. Your bite misses the ufetubus.
The ufetubus is lightly wounded.
The ufetubus hits you but does no damage. x2
You closely miss the ufetubus.
The ufetubus is lightly wounded.
The ufetubus closely misses you. The ufetubus misses you.
The ufetubus barely misses you. The ufetubus hits you.
You slash the ufetubus!
You kill the ufetubus!
You now have 41 gold pieces (gained 13).
A large abomination comes into view.
A hell knight comes into view. It is wielding a +4 demon whip.
The large abomination hits you!!
Ouch! That really hurt!
You die...

.#.......#.#..##
#....#####
##....# . ...#...
.#.#...#
##...##..#..#...#
#.#..###..#..###
#..#..#.##.###
#.#..#..##.#
#p..X....#..#
#.##@#...#.###
#..##..#.. #..#
....## ##.# ....#
.## .#... # ....
....


You could see a hell knight (wandering) and a large abomination.

Vanquished Creatures
  An ufetubus (Abyss:1)
1 creature vanquished.

Notes
Turn   | Place    | Note
-------+----------+-------------------------------------------
     0 | Abyss:1  | Esekla the Vine Stalker Abyssal Knight began the quest for
                  | the Orb.
     0 | Abyss:1  | Reached XP level 1. HP: 11/11 MP: 3/3
    51 | Abyss:1  | Noticed a ynoxinul
   142 | Abyss:1  | Noticed a small abomination
   154 | Abyss:1  | Noticed a large abomination
   163 | Abyss:1  | Noticed a hell knight
   164 | Abyss:1  | Mangled by a large abomination

Levels and vault maps discovered:
Abyss:1:  hangedman_stitches_earthworm, evilmike_abyss_exit_vortex

Action                   || total
-------------------------++-------
Melee: Falchion          ||     6
Armor: Leather armour    ||     7
Dodge: Dodged            ||    12
       Rpst.: Falchion   ||     1

Table legend:
 A = Non-vault XP
 B = Vault XP
 C = Vault XP percentage of total XP
 D = Non-vault monster count
 E = Vault monster count
 F = Vault count percentage of total count
                 A         B        C        D         E       F
            +---------+---------+-------+---------+---------+-------
      Total |       8 |       0 |   0.0 |       1 |       0 |   0.0
            +---------+---------+-------+---------+---------+-------
    Abyss:1 |       8 |       0 |   0.0 |       1 |       0 |   0.0
            +---------+---------+-------+---------+---------+-------
